 Dungeon Crawl Stone Soup version 0.28-a0-983-g1de4e0787c (webtiles) character file.

Game seed: 9112642089442680151

1620 Decritt the Cleaver (level 8, 0/112 HPs)
             Began as a Hill Orc Fighter on Dec 3, 2021.
             Slain by Harold (11 damage)
             ... on level 7 of the Dungeon.
             The game lasted 00:11:07 (6486 turns).

Decritt the Cleaver (Hill Orc Fighter)              Turns: 6486, Time: 00:11:08

Health: 0/112      AC: 28    Str: 21    XL:     8   Next: 96%
Magic:  8/8        EV:  2    Int:  8    God:
Gold:   344        SH:  5    Dex: 10    Spells: 7/7 levels left

rFire   . . .      SeeInvis .   h - +1 flail (holy)
rCold   . . .      Faith    .   c - +0 buckler
rNeg    . . .      Spirit   .   (armour currently unavailable)
rPois   +          Reflect  .   (helmet currently unavailable)
rElec   .          Harm     .   (cloak currently unavailable)
rCorr   .          Rampage  .   (gloves currently unavailable)
Will    .....      NoTele   +   (boots currently unavailable)
Stlth   +.........              (no amulet)
HPRegen 0.28/turn               m - +4 ring of protection
MPRegen 0.11/turn               g - +4 ring of evasion

@: mighty, tree-form
A: stationary, stasis, torment immunity, boosted hp
a: no special abilities


You were on level 7 of the Dungeon.
You were a tree.
You visited 1 branch of the dungeon, and saw 7 of its levels.

You collected 344 gold pieces.

Inventory:

Hand Weapons
 a - a +0 war axe
 h - a +1 flail of holy wrath (weapon)
Missiles
 u - 3 poisoned darts (quivered)
Armour
 b - a +0 scale mail (melded)
 c - a +0 buckler (worn)
 j - a +0 pair of gloves (melded)
 x - a +0 cloak of stealth (melded)
Jewellery
 f - a ring of flight
 g - a +4 ring of evasion (right branch)
 l - a ring of positive energy
 m - a +4 ring of protection (left branch)
Scrolls
 i - 2 scrolls of enchant weapon {unknown}
 n - 2 scrolls of noise {unknown}
 o - 2 scrolls of fear {unknown}
 v - a scroll of silence {unknown}
 y - a scroll of holy word {unknown}
Potions
 e - 2 potions of heal wounds
 k - a potion of lignification
 p - a potion of attraction
 q - a potion of curing
 r - a potion of invisibility {unknown}
 s - a potion of magic
 w - 2 potions of haste


   Skills:
 * Level 8.4 Fighting
 * Level 8.7 Axes
 + Level 5.8 Armour
 + Level 5.9 Shields


You had 7 spell levels left.
You didn't know any spells.
Your spell library was empty.

Dungeon Overview and Level Annotations

Branches:
Dungeon (7/15)             Temple (0/1) D:5

Altars:
Ashenzari
Dithmenos
Kikubaaqudgha
Qazlal
Ru
Wu Jian

Annotations:
D:7 Harold


Message History

You miss the killer bee.
The killer bee is moderately wounded.
The killer bee stings you but does no damage.
You block Harold's attack. The killer bee barely misses you.
Harold hits you but does no damage.
You miss the killer bee.
The killer bee is moderately wounded.
The killer bee barely misses you. You block the killer bee's attack.
Harold hits you from afar with a +0 trident!
* * * LOW HITPOINT WARNING * * *
The killer bee stings you but does no damage.
You thump the killer bee!
You kill the killer bee!
Harold completely misses you. Harold hits you with a +0 trident!
* * * LOW HITPOINT WARNING * * *
You feel better. Harold hits you with a +0 trident.
* * * LOW HITPOINT WARNING * * *
Really quaff the potion of lignification? [Y]es or [N]o only, please.
Really quaff the potion of lignification?
You turn into a tree.
Your +0 cloak of stealth melds into your body.
Your +0 pair of gloves melds into your body.
Your +0 scale mail melds into your body.
You feel less stealthy.
Your roots penetrate the ground.
Harold hits you but does no damage.
You hit Harold.
Harold is lightly wounded.
Harold hits you but does no damage.
You hit Harold but do no damage.
Harold is lightly wounded.
Harold hits you with a +0 trident.
* * * LOW HITPOINT WARNING * * *
Unknown command.
You hit Harold.
Harold is lightly wounded.
Harold gestures at you while chanting.
You barely resist. Harold hits you with a +0 trident!
You die...

#.(...y.
#.....@
#..... #....
(.$ #y# #y#
#@# #♣#
#.#######
####........
#......#####
#......#
#......#
###......#
#........#
#.####+### )


You could see Harold and 2 killer bees.

Vanquished Creatures
  A troll (D:6)
  2 sky beasts (D:6)
  2 black bears
  An ogre (D:4)
  A centaur (D:5)
  A phantom (D:5)
  A scorpion (D:5)
  A bullfrog (D:6)
  2 killer bees (D:7)
  A bullfrog zombie (D:6)
  A centaur zombie (D:7)
  4 hounds
  2 jellies
  Crazy Yiuf (D:5)
  A bullfrog skeleton (D:6)
  2 iguanas
  An orc wizard (D:5)
  A hound zombie (D:5)
  3 gnolls (D:3)
  2 howler monkey skeletons (D:6)
  4 adders
  A shadow imp (D:6)
  An ufetubus (D:5)
  2 adder skeletons (D:4)
  A worm (D:3)
  A dart slug (D:4)
  10 orcs
  10 endoplasms
  5 giant cockroaches
  9 goblins
  5 hobgoblins
  5 quokkas
  10 ball pythons
  7 bats
  6 frilled lizards
  5 kobolds
  4 rats
117 creatures vanquished.

Notes
Turn   | Place    | Note
-------+----------+-------------------------------------------
     0 | D:1      | Decritt the Hill Orc Fighter began the quest for the Orb.
     0 | D:1      | Reached XP level 1. HP: 19/19 MP: 1/1
    28 | D:1      | Found a faded altar of an unknown god.
    93 | D:1      | Reached XP level 2. HP: 24/27 MP: 2/2
   772 | D:1      | Reached XP level 3. HP: 33/33 MP: 3/3
  2232 | D:3      | Reached XP level 4. HP: 41/41 MP: 4/4
  2652 | D:4      | Found a large runed translucent door.
  2653 | D:4      | Found a large runed translucent door.
  2673 | D:4      | Reached XP level 5. HP: 32/47 MP: 5/5
  2791 | D:4      | Reached skill level 5 in Fighting
  2846 | D:4      | Noticed an ogre
  2865 | D:4      | Killed an ogre
  2866 | D:4      | Reached skill level 5 in Axes
  2866 | D:4      | Reached XP level 6. HP: 56/56 MP: 6/6
  2935 | D:4      | Found a broken altar of Ashenzari.
  3224 | D:4      | Noticed a black bear
  3239 | D:4      | Killed a black bear
  3545 | D:4      | Found a shadowy altar of Dithmenos.
  3556 | D:4      | Found an ornate altar of the Wu Jian Council.
  3604 | D:5      | Entered Level 5 of the Dungeon
  3729 | D:5      | Reached XP level 7. HP: 63/63 MP: 7/7
  3771 | D:5      | Found a staircase to the Ecumenical Temple.
  4381 | D:5      | Reached skill level 5 in Shields
  4461 | D:5      | Reached skill level 5 in Armour
  4461 | D:5      | Reached XP level 8. HP: 57/73 MP: 8/8
  4604 | D:5      | Found a runed translucent door.
  4605 | D:5      | Noticed Crazy Yiuf
  4611 | D:5      | Killed Crazy Yiuf
  4721 | D:5      | Found a sacrificial altar of Ru.
  5537 | D:6      | Found an ancient bone altar of Kikubaaqudgha.
  5547 | D:6      | Noticed a troll
  5566 | D:6      | Killed a troll
  6250 | D:6      | Found a stormy altar of Qazlal.
  6450 | D:7      | Noticed Harold
  6481 | D:7      | HP: 2/75 [Harold (10)]
  6486 | D:7      | Slain by Harold

Illustrated notes

Levels and vault maps discovered:
D:1:      lemuel_arrival_lava_pool, layout_basic,
          hellmonk_ecumenical_altar_heavens_door, minivault_4,
          amethyst_killhole, minmay_misc_feat_alley
D:2:      layout_loops_ring, grunt_decor_cap
D:3:      layout_basic, interstate_on_off
D:4:      layout_rooms, nicolae_ashenzari_panopticon, jmf_multi_god_temple2
D:5:      layout_layer_cave, nicolae_ru_awakened_eye, minmay_temple_entry_waves,
          uniq_crazy_yiuf_cottage
D:6:      minmay_klotski, layout_basic, mainiacjoe_overflow_catwalk,
          grunt_qazlal_sundering
D:7:      gammafunk_wand_slinger, layout_basic, uniq_harold

Skill      XL: |  1  2  3  4  5  6  7  8 |
---------------+-------------------------+-----
Axes           | 3 4 5 7 8 |  8.7
Fighting       | 4 5 6 7 8 |  8.4
Armour         | 4 5 |  5.8
Shields        | 4 5 |  5.9

Action                   |  1- 3 |  4- 6 |  7- 9 || total
-------------------------+-------+-------+-------++-------
Melee: War axe           |    93 |    97 |       ||   190
       Flail             |       |    15 |   211 ||   226
Throw: Dart              |   102 |    72 |    22 ||   196
  Use: Scroll            |       |       |     7 ||     7
       Potion            |       |       |     6 ||     6
Armor: Scale mail        |    39 |    42 |   128 ||   209
       Skin              |       |       |     2 ||     2
Dodge: Dodged            |    56 |    72 |   176 ||   304
Block: Buckler           |    24 |    21 |    57 ||   102

Table legend: (Time is in decaauts)
 A = Elapsed time spent in this place.
 B = Non-inter-level travel time spent in this place.
 C = Inter-level travel time spent in this place.
 D = Time resting spent in this place.
 E = Time spent auto-exploring this place.
 F = Levels seen in this place.
 G = Mean time per level.
                   A        B        C        D        E       F      G
               +--------+--------+--------+--------+--------+-----+--------+
         Total |   6593 |   6460 |    133 |    629 |   4582 |   7 |  941.9 |
       Dungeon |   6593 |   6460 |    133 |    629 |   4582 |   7 |  941.9 |
               +--------+--------+--------+--------+--------+-----+--------+

Top non-repeatable levels by time:
     D:5: 1477 daAuts
     D:6: 1360 daAuts
     D:1: 1272 daAuts
     D:4: 1008 daAuts
     D:2: 752 daAuts
     D:3: 631 daAuts
     D:7: 89 daAuts
